 Dungeon Crawl Stone Soup version 0.27-a0-1273-gec92ba881d (webtiles) character file.

Game seed: 13835533027906184311

8019 sanka the Fighter (level 11, -16/89 HPs)
             Began as a Djinni Artificer on June 9, 2021.
             Was a Believer of Makhleb.
             Demolished by a two-headed ogre
             ... wielding a +0 giant club
              (19 damage)
             ... on level 10 of the Dungeon on June 11, 2021.
             The game lasted 00:27:08 (17190 turns).

sanka the Fighter (Djinni Artificer)               Turns: 17190, Time: 00:27:09

Health: -16/89     AC:  7    Str: 11    XL:     11   Next: 48%
Gold:   567        EV: 20    Int: 15    God:    Makhleb [**....] SH:  0 Dex: 15

rFire    + + .     SeeInvis .   a - +1 dagger (elec)
rCold    x . .     Faith    .   (no shield)
rNeg     . . .     Spirit   .   b - +0 leather armour
rPois    ∞         Reflect  .   s - +2 hat
rElec    .         Harm     .   v - +0 cloak
rCorr    +         Rampage  .   p - +0 pair of gloves
Will     +....                  (boots unavailable)
Stlth    +.........             u - amulet of the acrobat
HPRegen  0.24/turn              K - +4 ring of evasion
MPRegen  0.00/turn              m - ring of resist corrosion

@: flying, studying 2 skills
A: sickness immunity, fire resistance 2, cold vulnerability 1, float, innate
caster, hp casting, extra vitality 1
a: Renounce Religion, Minor Destruction


You were on level 10 of the Dungeon.
You worshipped Makhleb.
Makhleb was pleased with you.
You visited 2 branches of the dungeon, and saw 11 of its levels.

You collected 567 gold pieces.


Innate Abilities, Weirdness & Mutations

You are immune to sickness and miasma.
You are immune to poison.
Your flesh is very heat resistant. (rF++)
You are vulnerable to cold. (rC-)
You float through the air rather than walking.
You learn spells naturally, not from books.
Your magical power is your life essence.
You have superior vitality. (+4 HP)


   Skills:
 - Level 12.0 Fighting
 - Level 1.0 Armour
 + Level 10.3 Dodging
 - Level 0.7 Stealth
 + Level 9.6 Spellcasting
 - Level 3.0 Evocations


You had 15 spell levels left.
You knew the following spells:

 Your Spells              Type           Power      Damage    Failure   Level
a - Ozocubu's Armour      Ice            36%        N/A       1%          3
c - Bolt of Magma         Conj/Fire/Erth 18%        4d10      7%          5
x - Call Canine Familiar  Summ           36%        N/A       1%          3
z - Static Discharge      Conj/Air       36%        N/A       1%          2
Z - Corona                Hex            40%        N/A       1%          1
Your spell library was empty.

Inventory:

Hand Weapons
 a - a +1 dagger of electrocution (weapon)
 h - a +0 war axe
 l - a +0 spear
 A - a +0 flail
 G - a +0 lajatang
Missiles
 L - 4 throwing nets {=f}
Armour
 b - a +0 leather armour (worn)
 p - a +0 pair of gloves (worn)
 q - a +3 scale mail
 s - a +2 hat (worn)
 v - a +0 cloak (worn)
Jewellery
 k - a ring of protection from fire
 m - a ring of resist corrosion (right hand)
 u - an amulet of the acrobat (around neck)
 K - a +4 ring of evasion (left hand)
Wands
 d - a wand of charming (13)
 y - a wand of paralysis (1)
 J - a wand of polymorph (5)
 M - a wand of iceblast (8)
 N - a wand of acid (9)
Scrolls
 f - 2 scrolls of magic mapping
 i - 7 scrolls of teleportation {@r4}
 r - 4 scrolls of enchant weapon
 w - a scroll of enchant armour
 x - 5 scrolls of blinking
 B - a scroll of summoning
 D - a scroll of silence {!r}
 F - 2 scrolls of immolation {unknown}
 I - a scroll of vulnerability {unknown}
 P - a scroll of fear {unknown}
 Q - a scroll of identify {@r1}
Potions
 c - 2 potions of lignification {unknown}
 g - 3 potions of degeneration {unknown}
 j - 3 potions of cancellation {unknown}
 n - 3 potions of flight {unknown}
 o - a potion of mutation {unknown}
 t - 4 potions of heal wounds {unknown}
 z - a potion of magic {unknown}
 C - 2 potions of curing {unknown}
 E - a potion of brilliance {unknown}
 H - a potion of resistance {unknown}
 O - 2 potions of berserk rage {unknown}
Miscellaneous
 e - a piece from Xom's chessboard (13/15)

Dungeon Overview and Level Annotations

Branches:
Dungeon (10/15)            Temple (1/1) D:5            Lair (0/6) D:10
    Orc: D:9-12

Altars:
Ashenzari
Cheibriados
Dithmenos
Elyvilon
Fedhas
Gozag
Hepliaklqana
Kikubaaqudgha
Makhleb
Nemelex Xobeh
Okawaru
Qazlal
Ru
Sif Muna
Uskayaw
Vehumet
Wu Jian
Xom
Yredelemnul
Zin
Beogh

Shops:
D:3 [::*   D:4 !   D:8 (?   D:9 ?

Annotations:
D:3 1 runed translucent door, askman's ghost, amateur DsMo
D:4 3 runed translucent doors, MoonlitKnight's ghost, amateur MiFi
D:10 Gastronok

▒▒▒▒▒▒▒▒▒▒▒▒...▒ ...▒▒▒. ▒▒▒▒▒
▒........>.....▒ ....... ▒...▒
▒..........▒▒▒▒▒ ....▒..
▒...▒▒▒▒▒▒▒▒▒.......▒ ......)
'...▒.......[.......▒ ......▒
▒...'...............▒ .......
▒▒▒▒▒▒▒▒▒▒▒▒▒▒†▒▒▒▒▒▒▒▒▒▒▒▒▒▒▒▒▒▒
......▒...............▒..........
......▒.........RO....'..........
▒▒▒'▒▒▒▒▒▒▒▒▒▒'▒▒▒▒▒▒▒▒..▒▒▒▒▒▒▒▒
▒>........▒..▒..▒.....▒........▒
▒.........▒..▒..'.....▒........▒
▒.........▒..'.:▒'▒▒▒▒▒........▒▒
▒.........'..▒..▒..▒..▒....▒▒▒▒▒.
▒.........▒..▒▒▒▒..▒..▒....▒.....
▒.........▒.....▒..'..▒....▒.....
▒....[....▒.....▒..▒..▒▒▒▒▒▒▒▒▒▒.


You could see a two-headed ogre.


Message History

You can't see any susceptible monsters within range! (Use Z to cast anyway.)
Aiming: Bolt of Magma (dangerous; 7% risk of failure)
Aim: a two-headed ogre, wielding two +0 giant clubs (85% to hit)
The bolt of magma misses the two-headed ogre.
* * * LOW HITPOINT WARNING * * *
Aiming: Bolt of Magma (dangerous; 7% risk of failure)
Aim: a two-headed ogre, wielding two +0 giant clubs (85% to hit)
The bolt of magma hits the two-headed ogre!
The two-headed ogre is lightly wounded.
* * * LOW HITPOINT WARNING * * *
Aiming: Bolt of Magma (dangerous; 7% risk of failure)
Aim: a two-headed ogre, wielding two +0 giant clubs (lightly wounded, 85% to hit)
The bolt of magma hits the two-headed ogre!!
The two-headed ogre is severely wounded.
* * * LOW HITPOINT WARNING * * *
The two-headed ogre is struck by an arc of lightning!
The two-headed ogre is severely wounded.
The lightning grounds out.
* * * LOW HITPOINT WARNING * * *
The two-headed ogre hits you with a +0 giant club!
* * * LOW HITPOINT WARNING * * *
The two-headed ogre hits you with a +0 giant club.
* * * LOW HITPOINT WARNING * * *
Unknown command.
The two-headed ogre is struck by an arc of lightning.
The two-headed ogre is almost dead.
The lightning grounds out.
* * * LOW HITPOINT WARNING * * *
The two-headed ogre hits you with a +0 giant club!!
You die...

Action                   |  1- 3 |  4- 6 |  7- 9 | 10-12 || total
-------------------------+-------+-------+-------+-------++-------
Melee: Club              |   180 |    49 |       |       ||   229
       Spear             |       |    60 |       |       ||    60
       Flail             |       |    87 |   144 |       ||   231
       Dagger            |       |       |    86 |   137 ||   223
       Lajatang          |       |       |    10 |       ||    10
 Cast: Ozocubu's Armour  |       |       |     2 |     1 ||     3
       Static Discharge  |       |       |    48 |    82 ||   130
       Call Canine Famil |       |       |     1 |     2 ||     3
       Bolt of Magma     |       |       |       |     5 ||     5
Evoke: Wand              |       |    13 |     4 |     6 ||    23
       Piece from Xom's  |       |       |     9 |       ||     9
  Use: Scroll            |       |       |    11 |       ||    11
 Stab: Sleeping          |     3 |     1 |     1 |       ||     5
       Distracted        |       |       |     1 |       ||     1
       Paralysed         |       |       |       |    10 ||    10
Armor: Leather armour    |    58 |    22 |    88 |    40 ||   208
       Scale mail        |       |    63 |    51 |       ||   114
Dodge: Dodged            |   102 |   133 |   213 |   162 ||   610

Levels and vault maps discovered:
D:1:      minmay_arrival_up_and_down, layout_rooms
D:2:      layout_rooms, basic_altar, minmay_misc_feat_doors,
          grunt_decor_resistance, wander_ebering_terrifying_dragon_lair
D:3:      layout_loops_cross, serial_shops, shop_fountains, shop_statue,
          nicolae_shop_stone, nicolae_shop_stone, gammafunk_ghost_grave,
          uniq_terence
D:4:      layout_basic, gammafunk_temple_overflow_wave, serial_shops,
          nicolae_shop_trees, portal_sewer_entry_e, biasface_ghost_orc_armoury,
          kennysheep_diamond, mrwooster_statue_mirror, uniq_sigmund,
          uniq_eustachio
D:5:      layout_basic, minmay_temple_entry_overgrown, minmay_misc_feat_cross,
          serial_park_tiny_2, kennysheep_generic_room_7, uniq_ijyb,
          uniq_blork_the_orc
D:6:      minmay_general_purpose_star, layout_rooms, hex_large, uniq_pikel,
          uniq_menkaure, uniq_prince_ribbit1, uniq_duvessa
D:7:      layout_basic, nicolae_wu_jian_immortal_techniques,
          lemuel_doored_altar, uniq_harold
D:8:      layout_loops_ring, serial_co_window_serial, co_window_corner_a,
          co_window_paths_b, co_window_paths_b, co_window_paths_b,
          co_window_paths_b, co_window_corner_a, co_window_paths_a,
          co_window_paths_b, co_window_paths_a, co_window_of_opportunity_b,
          co_window_corner_ca, co_window_2corner, co_window_of_opportunity_c,
          co_window_of_opportunity_c, co_window_paths_e, serial_shops,
          kennysheep_little_box, nicolae_shop_competitors_out_of_business,
          minmay_misc_feat_four_crosses
D:9:      layout_stronghold, kennysheep_ying_yang, serial_shops,
          nicolae_shop_window_shopping, bh_circular_ruins
D:10:     layout_grid_maze, lair_entry_dummy, minmay_fractal_squares_5,
          uniq_gastronok
Temple:   eino_temple_rhombus

Notes
Turn   | Place    | Note
-------+----------+-------------------------------------------
     0 | D:1      | sanka the Djinni Artificer began the quest for the Orb.
     0 | D:1      | Reached XP level 1. HP: 17/17 MP: 0/0
   465 | D:1      | Reached skill level 2 in Fighting
   465 | D:1      | Reached XP level 2. HP: 20/23 MP: 0/0
  1087 | D:1      | Reached XP level 3. HP: 9/29 MP: 0/0
  1087 | D:1      | Learned a level 1 spell: Corona
  1466 | D:1      | Reached skill level 3 in Fighting
  2672 | D:2      | Reached XP level 4. HP: 20/35 MP: 0/0
  3135 | D:2      | Found a sacrificial altar of Ru.
  3541 | D:3      | Reached skill level 4 in Fighting
  3860 | D:3      | Reached XP level 5. HP: 34/42 MP: 0/0
  3860 | D:3      | Learned a level 2 spell: Static Discharge
  3915 | D:3      | Noticed Terence
  4023 | D:3      | Killed Terence
  4054 | D:3      | Found a runed translucent door.
  4054 | D:3      | Noticed askman's ghost (amateur DsMo)
  4090 | D:3      | Found Vooroum's Book Shoppe.
  4164 | D:3      | Found Ofoopaw's Assorted Antiques.
  4414 | D:3      | Found Zifaokh's Book Emporium.
  4458 | D:3      | Reached skill level 5 in Fighting
  4458 | D:3      | Reached skill level 1 in Spellcasting
  4495 | D:3      | Found Jeynk's Antique Armour Boutique.
  4892 | D:4      | Reached skill level 2 in Spellcasting
  4892 | D:4      | Reached XP level 6. HP: 9/49 MP: 0/0
  5149 | D:4      | Noticed a black bear
  5171 | D:4      | Noticed Sigmund
  5178 | D:4      | Killed Sigmund
  5196 | D:4      | You are sucked into a shaft and drop 1 floor!
  5196 | D:5      | Entered Level 5 of the Dungeon
  5203 | D:5      | Found a staircase to the Ecumenical Temple.
  5210 | Temple   | Entered the Ecumenical Temple
  5270 | Temple   | Became a worshipper of Makhleb the Destroyer
  5317 | D:5      | Noticed a necrophage
  5351 | D:4      | Found Qyatog's Distillery.
  5358 | D:4      | Found a runed translucent gate.
  5362 | D:4      | Found a runed translucent gate.
  5362 | D:4      | Found a runed translucent gate.
  5364 | D:4      | Noticed MoonlitKnight's ghost (amateur MiFi)
  5368 | D:4      | Identified the +4 whip "Ishrasigh" {chaos, rF+ Dex+2}
  5383 | D:4      | Reached skill level 3 in Spellcasting
  5383 | D:4      | Reached XP level 7. HP: 28/54 MP: 0/0
  5383 | D:4      | Learned a level 3 spell: Ozocubu's Armour
  5490 | D:4      | Identified a scroll of acquirement
  5563 | D:4      | Found a hide-covered altar of Uskayaw.
  5563 | D:4      | Found a blossoming altar of Fedhas.
  5583 | D:4      | Acquired a manual of Fighting
  5629 | D:4      | Noticed Eustachio
  5710 | D:4      | Killed Eustachio
  5711 | D:4      | Reached skill level 4 in Spellcasting
  6924 | D:4      | Reached XP level 8. HP: 59/59 MP: 0/0
  7135 | D:5      | Reached skill level 5 in Spellcasting
  7425 | D:5      | Noticed Blork the orc
  7428 | D:5      | HP: 5/59 [/static electricity (2)]
  7431 | D:5      | HP: 2/59 [Blork the orc/magic dart (4)]
  7735 | D:5      | Killed Blork the orc
  7877 | D:5      | Reached skill level 6 in Spellcasting
  8060 | D:5      | Noticed Ijyb
  8063 | D:5      | Reached * piety under Makhleb
  8064 | D:5      | Killed Ijyb
  8843 | D:6      | Noticed Prince Ribbit
  8846 | D:6      | Noticed a wyvern
  8988 | D:6      | Killed a wyvern
  8989 | D:6      | Reached skill level 6 in Fighting
  8989 | D:6      | Reached skill level 3 in Dodging
  8989 | D:6      | Reached XP level 9. HP: 40/66 MP: 0/0
  8989 | D:6      | Learned a level 3 spell: Call Canine Familiar
  9161 | D:6      | Killed Prince Ribbit
  9162 | D:6      | Reached skill level 4 in Dodging
  9193 | D:6      | Noticed Duvessa
  9278 | D:6      | Upgraded the game from 0.27-a0-1245-g940ed4fa31 to
                  | 0.27-a0-1273-gec92ba881d
  9295 | D:6      | Noticed Dowan
  9427 | D:6      | Killed Dowan
  9428 | D:6      | Reached skill level 7 in Fighting
  9429 | D:6      | Killed Duvessa
  9700 | D:6      | Acquired a manual of Spellcasting
  9890 | D:6      | Noticed Pikel
 10077 | D:6      | Reached skill level 7 in Spellcasting
 10167 | D:6      | Killed Pikel
 10168 | D:6      | Reached skill level 8 in Fighting
 10168 | D:6      | Reached skill level 5 in Dodging
 10411 | D:6      | Noticed Menkaure
 10424 | D:6      | Killed Menkaure
 11068 | D:7      | Identified the amulet of the Invisible Hand {Acrobat *Slow
                  | Str+4 Dex+4 Slay+2}
 11099 | D:7      | Found a shimmering altar of Xom.
 11326 | D:7      | Noticed Harold
 11336 | D:7      | HP: 3/71 [Harold/+0 war axe (14)]
 11337 | D:7      | Noticed a white ugly thing
 11706 | D:8      | Reached XP level 10. HP: 63/77 MP: 0/0
 11899 | D:8      | Reached skill level 9 in Fighting
 11899 | D:8      | Reached skill level 6 in Dodging
 11899 | D:8      | Reached skill level 8 in Spellcasting
 12308 | D:8      | Reached skill level 10 in Fighting
 12308 | D:8      | Reached skill level 7 in Dodging
 12316 | D:8      | HP: 7/80 [yak (6)]
 13410 | D:7      | Killed Harold
 13411 | D:7      | Reached skill level 11 in Fighting
 13411 | D:7      | Reached skill level 8 in Dodging
 13902 | D:7      | Found an ornate altar of the Wu Jian Council.
 14093 | D:8      | Found Datex's Antique Weapon Shop.
 14478 | D:8      | Found Ilapsel's Magic Scroll Boutique.
 14943 | D:9      | Reached ** piety under Makhleb
 14944 | D:9      | Reached skill level 12 in Fighting
 14944 | D:9      | Reached XP level 11. HP: 58/89 MP: 0/0
 14944 | D:9      | Learned a level 5 spell: Bolt of Magma
 15093 | D:9      | Reached skill level 9 in Dodging
 15188 | D:9      | Found Niuniov's Magic Scroll Shop.
 15272 | D:9      | Noticed a two-headed ogre
 15277 | D:9      | Killed a two-headed ogre
 15750 | D:9      | Found a basalt altar of Yredelemnul.
 15838 | D:9      | Found a white marble altar of Elyvilon.
 16418 | D:10     | Entered Level 10 of the Dungeon
 16742 | D:9      | Reached skill level 9 in Spellcasting
 16984 | D:10     | Found a staircase to the Lair.
 16988 | D:10     | Reached skill level 10 in Dodging
 17122 | D:10     | Noticed a two-headed ogre
 17126 | D:10     | Killed a two-headed ogre
 17162 | D:10     | Noticed a two-headed ogre
 17163 | D:10     | Noticed Gastronok
 17189 | D:10     | HP: 5/89 [two-headed ogre/+0 giant club (6)]
 17190 | D:10     | Demolished by a two-headed ogre

Vanquished Creatures
  Harold (D:7)
  2 two-headed ogres
  Pikel (D:6)
  A hornet (D:9)
  Prince Ribbit (D:6)
  A shadow (D:9)
  2 wyverns
  6 yaks
  2 steam dragons (D:8)
  Eustachio (D:4)
  Menkaure (D:6)
  Duvessa (D:6)
  2 water moccasins
  3 orc warriors
  A sky beast (D:7)
  An ogre (D:5)
  A necrophage (D:5)
  2 centaurs
  2 lemures
  A phantom (D:5)
  A kobold brigand (D:7)
  Blork the orc (D:5)
  A bullfrog (D:6)
  A gnoll sergeant (D:10)
  2 scorpions (D:4)
  A water moccasin skeleton (D:4)
  Dowan (D:6)
  8 killer bees
  5 wights
  4 howler monkeys
  A bullfrog zombie (D:3)
  5 hounds
  A jelly (D:6)
  4 orc priests
  2 centaur skeletons
  4 iguanas
  Ijyb (D:5)
  12 orc wizards
  Terence (D:3)
  A human simulacrum (D:9)
  A howler monkey zombie (D:9)
  5 adders
  A shadow imp (D:7)
  A white imp (D:5)
  An ufetubus (D:4)
  An adder skeleton (D:4)
  2 worms
  3 dart slugs
  27 orcs
  5 ball pythons
  8 bats
  12 endoplasms
  7 giant cockroaches
  7 hobgoblins
  3 jackals (D:4)
  11 kobolds
  9 quokkas
  2 frilled lizards
  8 goblins
  4 rats
208 creatures vanquished.

Vanquished Creatures (collateral kills)
  Sigmund (D:4)
  2 yaks (D:8)
  An orc wizard (D:4)
  An adder skeleton (D:4)
  2 orcs (D:4)
  A quokka (D:4)
8 creatures vanquished.

Vanquished Creatures (others)
  A sky beast (D:5)
  A human simulacrum (D:9)
  2 plants (D:4)
4 creatures vanquished.

Grand Total: 220 creatures vanquished
